Cogmind - Beta 12 X4 @@@ ROGUE MODE // 2023.01.11 @ 18:33:17 Player: LU-1G1 Result: Smashed by cave-in Performance ------------- Evolutions (4) 2000 Regions Visited (14) 2800 Robots Destroyed (265) 1325 Value Destroyed (7963) 7963 Prototype IDs (22) 440 Alien Tech Used (0) 0 Bonus (-944) -944 TOTAL SCORE: 13584 Bonus ------- High Alert Combat Kills 363 Follower Combat Kills 80 Entered Garrisons 200 Met Data Miner 300 Friendly Fire -1887 Cogmind --------- Core Integrity 0/850 Matter 55/300 Energy 99/100 System Corruption 4% Temperature Cool (0) Movement Core (50) Location -6/Lower Caves Parts ------- > --- POWER (2) -------- (None) > --- PROPULSION (3) --- (None) > --- UTILITY (7) ------ (None) > --- WEAPON (3) ------- (None) > --- INVENTORY (5) ---- Experimental Weapon Shielding Improved Heavy Armor Plating 01-MTF's Autohacker Heavy Plasma Cannon Peak State ------------ > --- POWER ------------ Neutrino Core Backup Power VII > --- PROPULSION ------- Armored Wheel Armored Huge Wheel > --- UTILITY ---------- Cargo Storage Unit Long-range Terrain Scanner Advanced Terrain Scan Processor Advanced Targeting Computer Improved Powered Armor Advanced Force Field > --- WEAPON ----------- Improved Assault Rifle Improved Assault Rifle Enhanced Autogun > --- INVENTORY -------- Backup Power VII Armored Huge Wheel Armored Huge Wheel Cargo Storage Unit High-capacity Matter Pod Structural Scanner Advanced Signal Interpreter Encrypted Comm Array Advanced Targeting Computer Precision Energy Filter Hardened Medium Armor Plating Hardened Medium Armor Plating Hardened Medium Armor Plating Hardened Medium Armor Plating Hardened Medium Armor Plating Hardened Medium Armor Plating Improved Light Armor Plating Medium Insulated Plating Hardlight Generator 01-MTF's Autohacker Long-range Tractor Beam Light EM Pulse Cannon Mini Grenade Launcher Missile Launcher Flail [Rating: 72] Favorites ----------- Power Reinforced Ion Engine Engine Reinforced Ion Engine Power Core Neutrino Core Reactor Mini Fusion Reactor Propulsion Compact Wheel Treads Light Treads Wheel Compact Wheel Utility Cargo Storage Unit Device Advanced Force Field Storage Cargo Storage Unit Processor Advanced Targeting Computer Hackware Makeshift Hacking Suite Protection Light Armor Plating Weapon Improved Assault Rifle Energy Gun Heavy Laser Energy Cannon Heavy Plasma Cannon Ballistic Gun Improved Assault Rifle Ballistic Cannon Magnetic Acceleration Cannon Launcher Mini Grenade Launcher Impact Weapon Flail Slashing Weapon Great Axe Build | -11 -10 -9 -9 -8 -8 -8 -7 -7 -7 -7 -6 -6 -6 -6 ------- Run | Scr Mat Mat Min Mat Sto Gar Fac Low Low Dat Pro Fac Low Low Slots Evolved 8 | . . 2 . 2 . . 2 . . . . 2 . . Power 1 | . . . . . . . 1 . . . . . . . Propulsion 1 | . . . . . . . 1 . . . . . . . Utility 5 | . . 2 . 1 . . . . . . . 2 . . Weapon 1 | . . . . 1 . . . . . . . . . . Parts Attached 233 | 7 10 27 . 16 32 10 8 4 25 1 2 77 8 6 Power 26 | 1 1 3 . . 5 . 1 . 4 . . 9 1 1 Engine 16 | 1 1 3 . . 4 . . . 1 . . 4 1 1 Core 8 | . . . . . . . 1 . 3 . . 4 . . Reactor 2 | . . . . . 1 . . . . . . 1 . . Propulsion 32 | 2 5 5 . 3 3 5 2 . 1 . . 5 1 . Treads 5 | 2 3 . . . . . . . . . . . . . Leg . | . . . . . . . . . . . . . . . Wheel 27 | . 2 5 . 3 3 5 2 . 1 . . 5 1 . Hover . | . . . . . . . . . . . . . . . Flight . | . . . . . . . . . . . . . . . Utility 95 | 2 2 9 . 8 10 2 4 . 11 . . 38 5 4 Device 32 | 1 . 1 . . 1 . 1 . 7 . . 17 1 3 Storage 6 | 1 2 . . . 1 . . . . . . 1 . 1 Processor 7 | . . 2 . 2 . . . . 1 . . 2 . . Hackware 2 | . . . . . . . . . . . . 2 . . Protection 48 | . . 6 . 6 8 2 3 . 3 . . 16 4 . Artifact . | . . . . . . . . . . . . . . . Weapon 80 | 2 2 10 . 5 14 3 1 4 9 1 2 25 1 1 Energy Gun 2 | . . 1 . . . . . . . . . 1 . . Energy Cannon 7 | . . . . 1 . . . . . . . 6 . . Ballistic Gun 45 | 2 2 8 . 2 11 2 1 2 5 . 2 8 . . Ballistic Cannon 1 | . . . . . . . . . . . . 1 . . Launcher 13 | . . 1 . . . 1 . 2 2 1 . 6 . . Special Weapon . | . . . . . . . . . . . . . . . Impact Weapon 7 | . . . . 2 3 . . . 2 . . . . . Slashing Weapon 5 | . . . . . . . . . . . . 3 1 1 Piercing Weapon . | . . . . . . . . . . . . . . . Special Melee Weapon . | . . . . . . . . . . . . . . . Unidentified Prototypes 12 | . . 4 . 1 4 . 1 . 1 . . 1 . . Corrupted Parts 1 | . . . . . . . . . . . . 1 . . System Corruption 5 | . . . . . . . . . . . . 5 . . Parts Lost 58 | . 5 2 . 2 7 1 . . 7 . 2 24 7 1 Power 11 | . 1 . . . 2 . . . 2 . 1 5 . . Propulsion 11 | . 1 . . . 2 1 . . 1 . . 3 3 . Utility 21 | . 1 2 . 2 2 . . . 2 . . 8 4 . Weapon 15 | . 2 . . . 1 . . . 2 . 1 8 . 1 Highest Loss Streak 8 | . 3 1 . 2 4 1 . . 3 . 2 8 4 1 To Critical Strikes . | . . . . . . . . . . . . . . . Average Slot Usage (%) 81 | . 86 88 88 86 85 90 77 76 77 84 80 78 79 10 Engine 7 | . 11 11 11 9 8 9 7 7 3 7 4 2 2 . Core 2 | . . . . . . . 2 7 8 7 7 7 5 . Treads 1 | . 15 . . . . . . . . . . . . . Wheel 15 | . 12 22 22 17 18 18 17 15 15 15 15 10 12 . Device 2 | . 4 1 . . . . . . 5 7 7 6 3 4 Storage 8 | . 14 11 11 9 9 9 7 7 7 7 7 6 5 . Processor 6 | . . 2 . 9 9 9 7 7 7 7 7 12 8 . Protection 11 | . . 17 22 14 14 18 11 7 5 7 7 12 19 . Ballistic Gun 21 | . 28 21 22 25 25 26 23 22 21 23 22 11 19 . Naked Turns 39 | . . . . . . . . . . . . . 10 29 Heaviest Build 206 | 13 148 162 162 172 172 168 187 187 200 200 200 206 189 5 Greatest Support 44 | 40 40 32 20 32 32 32 40 40 40 40 40 40 44 3 Greatest Overweight (x) 9 | 2 9 8 8 8 6 6 4 4 4 4 4 7 4 1 Average Overweight (x) 4 | . 4 5 8 6 5 5 4 4 4 4 4 4 3 . Largest Inventory Capacity 30 | 8 30 30 30 30 30 30 30 30 30 30 30 30 30 5 Average Capacity 28 | 7 23 30 30 30 30 30 30 30 30 30 30 30 29 5 Most Carried 30 | 6 22 30 30 30 30 30 30 30 30 30 30 30 30 5 Average Carried 25 | 4 11 28 30 29 27 29 29 29 27 30 29 27 27 4 Final Capacity 30 | 8 30 30 30 30 30 30 30 30 30 30 30 30 5 5 Final Carried 30 | 6 22 30 30 29 30 30 30 30 30 30 29 30 5 5 Class Distribution -------------------- 48% | Hauler-Tank 32% | Hauler-Mutant 10% | Hauler-Gunner 8% | Mutant Dominant Class ---------------- Hauler-Mutant | -10/Materials Hauler-Mutant | -9/Materials Hauler-Mutant | -9/Mines Hauler-Tank | -8/Materials Hauler-Tank | -8/Storage Hauler-Tank | -8/Garrison Hauler-Tank | -7/Factory Hauler-Gunner | -7/Lower Caves Hauler-Tank | -7/Lower Caves Hauler-Tank | -7/Data Miner Hauler-Tank | -6/Proximity Caves Hauler-Tank | -6/Factory Hauler-Tank | -6/Lower Caves Mutant | -6/Lower Caves Resources | -11 -10 -9 -9 -8 -8 -8 -7 -7 -7 -7 -6 -6 -6 -6 ----------- Run | Scr Mat Mat Min Mat Sto Gar Fac Low Low Dat Pro Fac Low Low Matter Collected 7976 | 296 313 1142 . 426 1224 1369 150 228 770 . 283 1709 10 56 Remotely 168 | . . . . . . . . . . . . 168 . . Salvage Created 10762 | 103 596 1951 . 520 1790 1228 67 414 1113 . 241 2625 114 . Parts 609 | 6 48 132 . 26 104 55 8 23 44 . 23 136 4 . Haulers Intercepted 18 | . 2 6 . 1 6 . . . 1 . . 2 . . Recyclers Shooed 9 | . . 2 . . 3 . . . . . . 4 . . Parts Field Recycled . | . . . . . . . . . . . . . . . Retrieved Matter . | . . . . . . . . . . . . . . . Parts Self-Destructed 91 | . . . . . . . . 21 41 . 22 . 5 2 Prevented 1 | . . . . . . . . . . . . . 1 . Kills | -11 -10 -9 -9 -8 -8 -8 -7 -7 -7 -7 -6 -6 -6 -6 ------- Run | Scr Mat Mat Min Mat Sto Gar Fac Low Low Dat Pro Fac Low Low Combat Hostiles Destroyed 168 | . 17 23 . 6 20 21 . 10 21 . 11 37 2 . Melee 4 | . . . . . . . . . . . . 4 . . Guns 124 | . 16 20 . 6 20 16 . 4 15 . 7 18 2 . Cannons 1 | . . . . . . . . . . . . 1 . . AOE 37 | . 1 3 . . . 5 . 6 6 . 4 12 . . Classes Destroyed 16 | 2 5 5 . 1 . . . 2 . . . 1 . . Worker 27 | . 3 9 . 3 2 . 2 . . . . 8 . . Builder 14 | . . 2 . 1 2 . 1 . . . . 8 . . Tunneler 4 | 1 . 1 . 1 . . . . . . . 1 . . Hauler 18 | . 2 6 . 1 6 . . . 1 . . 2 . . Recycler 18 | 1 . 7 . 2 4 . . . . . . 4 . . Mechanic 6 | . . 1 . 1 2 . . . . . . 2 . . Operator 1 | . . . . . . . . . . . . 1 . . Watcher 8 | . 1 4 . 1 2 . . . . . . . . . Swarmer 53 | . 9 7 . 4 3 5 . 6 1 . 11 7 . . Grunt 66 | . 8 6 . . 10 11 . 2 13 . . 14 2 . Brawler 4 | . . 1 . . . 1 . 1 . . . 1 . . Duelist 6 | . . 1 . . . . . . 4 . . 1 . . Sentry 24 | . . 8 . . 7 3 . . 2 . . 4 . . Hunter 8 | . . . . 2 . 1 . . . . . 5 . . Programmer 7 | . . . . . . . . 1 1 . . 5 . . Packrat 1 | . . . . . . . . . 1 . . . . . Samaritan 1 | . . . . . . . . 1 . . . . . . Best Kill Streak 9 | 2 5 8 . 5 8 8 2 5 5 . 4 9 2 . Combat Bots Only 8 | . 5 7 . 4 5 8 . 3 5 . 4 6 2 . Max Kills in Single Turn 4 | 1 2 4 . 1 2 2 1 3 2 . 4 4 1 . Gunslinging 1 | . . . . . . 1 . . . . . . . . Exploded 4 | . 1 3 . . . 2 . 3 2 . 4 2 . . Melee 1 | . . . . . . . . . . . . 1 . . Uniques/NPCs Destroyed 1 | . . . . . 1 . . . . . . . . . 01-MTF (-8/Storage) Combat | -11 -10 -9 -9 -8 -8 -8 -7 -7 -7 -7 -6 -6 -6 -6 -------- Run | Scr Mat Mat Min Mat Sto Gar Fac Low Low Dat Pro Fac Low Low Damage Taken 12584 | . 796 1024 . 368 1683 541 44 209 1671 . 345 4605 1055 243 Core 1596 | . 121 147 . 20 224 46 15 . 103 . 59 513 167 181 Absorbed by Shields 1393 | . . . . . . . . . 152 . 298 839 104 . Redirected to Shielding 119 | . . . . . . . . . . . . . 119 . Regen/Repaired (Parts) 795 | . 136 93 . . 566 . . . . . . . . . Core Remaining (%) 67 | 100 51 . 63 . . 47 . . . . 74 . . . Volleys Fired 730 | 13 89 111 . 31 109 110 7 18 67 . 15 147 13 . Largest 3 | 2 2 2 . 3 3 3 3 3 3 . 3 3 3 . Hottest 270 | 40 40 79 . 69 69 73 73 71 71 . 78 270 76 . Shots Fired 1761 | 26 177 216 . 92 327 320 21 46 183 . 44 271 38 . Gun 1673 | 26 177 213 . 92 327 315 21 43 177 . 43 201 38 . Cannon 40 | . . . . . . . . . . . . 40 . . Launcher 48 | . . 3 . . . 5 . 3 6 . 1 30 . . Special . | . . . . . . . . . . . . . . . Kinetic 1669 | 26 177 212 . 92 327 315 21 43 177 . 43 198 38 . Thermal 26 | . . 1 . . . . . . . . . 25 . . Explosive 48 | . . 3 . . . 5 . 3 6 . 1 30 . . Electromagnetic 18 | . . . . . . . . . . . . 18 . . Robot Hit Streak 49 | 6 9 38 . 43 30 49 7 7 46 . 7 31 7 . Robot Miss Streak 6 | 1 5 3 . 3 4 3 1 3 3 . 6 3 4 . Penetration Max 1 | . . . . . . . . . . . . 1 . . Secondary Targets 22 | . 2 2 . . 6 4 . 1 2 . 3 1 1 . Max Gunslinging Chain 1 | . 1 1 . . 1 1 . 1 1 . 1 1 1 . Shots Hit Robots 1293 | 19 111 157 . 68 237 248 14 28 142 . 22 221 26 . Core Hits 583 | 6 39 72 . 21 83 97 4 23 62 . 15 153 8 . Critical Kills 4 | . . . . . 1 . 1 . . . . 2 . . Critical Parts Destroyed 11 | . 2 . . 3 . 2 . . 2 . . 1 1 . Critical Strikes 18 | . 2 . . 3 1 2 1 . 2 . . 6 1 . Meltdown 1 | . . . . . . . . . . . . 1 . . Destroy 12 | . 2 . . 1 1 2 1 . 2 . . 2 1 . Corrupt 1 | . . . . . . . . . . . . 1 . . Smash 2 | . . . . 2 . . . . . . . . . . Sever 2 | . . . . . . . . . . . . 2 . . Melee Attacks 64 | . . . . 4 6 . . . 7 . . 32 1 14 Impact 17 | . . . . 4 6 . . . 7 . . . . . Slashing 47 | . . . . . . . . . . . . 32 1 14 Piercing . | . . . . . . . . . . . . . . . Sneak Attacks 10 | . . . . 3 . . . . . . . 7 . . Combat Hostiles . | . . . . . . . . . . . . . . . Follow-up Attacks . | . . . . . . . . . . . . . . . Damage Inflicted 23763 | 154 1026 2759 . 1214 3643 3173 250 745 2943 . 564 6859 433 . Guns 16897 | 154 1018 2328 . 887 3643 2701 250 467 2195 . 353 2468 433 . Cannons 872 | . . . . . . . . . . . . 872 . . Explosions 4703 | . . 431 . . . 472 . 278 748 . 211 2563 . . Melee 1253 | . . . . 327 . . . . . . . 926 . . Ramming 38 | . 8 . . . . . . . . . . 30 . . Kinetic 16857 | 154 1018 2328 . 887 3643 2701 250 467 2195 . 353 2428 433 . Thermal 715 | . . . . . . . . . . . . 715 . . Explosive 4569 | . . 431 . . . 472 . 278 748 . 211 2429 . . Electromagnetic 331 | . . . . . . . . . . . . 331 . . Impact 327 | . . . . 327 . . . . . . . . . . Slashing 926 | . . . . . . . . . . . . 926 . . Piercing . | . . . . . . . . . . . . . . . Highest Corruption 8 | . . . . . . . . . . . . 8 8 8 Average Corruption 6 | . . . . . . . . . . . . 6 8 6 Corruption Purged 6 | . . . . . . . . . . . . . . 6 Corruption Blocked . | . . . . . . . . . . . . . . . Effects 71 | . . . . . . . . . . . . 40 15 16 Message Errors 14 | . . . . . . . . . . . . 5 4 5 Matter Fused 18 | . . . . . . . . . . . . 10 5 3 Heat Flow Errors 10 | . . . . . . . . . . . . 8 1 1 Energy Discharges 7 | . . . . . . . . . . . . 4 2 1 Parts Rejected 2 | . . . . . . . . . . . . 2 . . Data Loss (minor) 10 | . . . . . . . . . . . . 4 2 4 Data Loss (major) 2 | . . . . . . . . . . . . 1 . 1 Misfires 5 | . . . . . . . . . . . . 5 . . Alerts 2 | . . . . . . . . . . . . 1 . 1 Weapon Failures 1 | . . . . . . . . . . . . . 1 . Overload Shots . | . . . . . . . . . . . . . . . Overflow Damage 507 | . . . . 199 . . . . 18 . 30 260 . . Projectiles . | . . . . . . . . . . . . . . . Explosions 128 | . . . . . . . . . 18 . 30 80 . . Melee 379 | . . . . 199 . . . . . . . 180 . . Knockbacks . | . . . . . . . . . . . . . . . Impact . | . . . . . . . . . . . . . . . Kinetic . | . . . . . . . . . . . . . . . Secondary . | . . . . . . . . . . . . . . . Self-Inflicted Damage 513 | . . 37 . . . . . 51 50 . 28 347 . . Shots 19 | . . 2 . . . . . 2 2 . 1 12 . . Rammed 5 | . 4 . . . . . . . . . . 1 . . Targets Rammed 5 | . 4 . . . . . . . . . . 1 . . Kicked . | . . . . . . . . . . . . . . . Crushed . | . . . . . . . . . . . . . . . Highest Temperature 620 | . 12 91 . 36 355 216 22 54 236 . 200 338 620 248 Average Temperature 84 | . 5 16 . 10 88 62 15 20 65 . 95 113 267 138 Received Heat Transfer 3853 | . 174 252 . . 891 279 . 36 503 . . 1191 509 18 Effects 22 | . . . . . 3 2 . . 1 . . 4 12 . Shutdowns 5 | . . . . . 1 . . . . . . 2 2 . Energy Bleed 5 | . . . . . 2 . . . . . . 2 1 . Interference 4 | . . . . . . 2 . . 1 . . . 1 . Short Circuit 1 | . . . . . . . . . . . . . 1 . Damage (minor) 4 | . . . . . . . . . . . . . 4 . Damage (major) 3 | . . . . . . . . . . . . . 3 . Siege Activations . | . . . . . . . . . . . . . . . Robots Corrupted 1 | . . . . . . . . . . . . 1 . . Combat Hostiles 1 | . . . . . . . . . . . . 1 . . Parts Fried 2 | . . . . 1 . . . . . . . 1 . . Impact Corruptions 6 | . . . . 6 . . . . . . . . . . Robots Melted 1 | . . . . . . . . . . . . 1 . . Combat Hostiles 1 | . . . . . . . . . . . . 1 . . Parts Melted 3 | . . . . . . . . . . . . 1 2 . Heat Transferred 1074 | . . . . . . . . . . . . 1074 . . Parts Sabotaged . | . . . . . . . . . . . . . . . Parts Stolen . | . . . . . . . . . . . . . . . Parts Stripped . | . . . . . . . . . . . . . . . Power Chain Reactions 1 | . . . . . . . . . . . . 1 . . Missiles Intercepted . | . . . . . . . . . . . . . . . Alert | -11 -10 -9 -9 -8 -8 -8 -7 -7 -7 -7 -6 -6 -6 -6 ------- Run | Scr Mat Mat Min Mat Sto Gar Fac Low Low Dat Pro Fac Low Low Peak Influence 1385 | 10 286 462 180 241 296 1385 789 . . . . 633 . . Initial 726 | . 6 . 180 70 48 52 726 . . . . . . . Average 300 | 3 120 139 180 160 122 604 713 . . . . 346 . . Maximum Alert Level 4 | . 1 2 . 1 1 4 3 . . . . 2 . . Low Security (%) 52 | 100 88 78 100 55 75 13 . . . . . 34 . . Level 1 22 | . 11 7 . 44 24 38 . . . . . 22 . . Level 2 14 | . . 13 . . . 8 18 . . . . 43 . . Level 3 7 | . . . . . . 17 81 . . . . . . . Level 4 4 | . . . . . . 21 . . . . . . . . Level 5 . | . . . . . . . . . . . . . . . High Security . | . . . . . . . . . . . . . . . Max Security . | . . . . . . . . . . . . . . . Squads Dispatched 24 | . 3 2 . 1 4 . . . 1 . . 13 . . Investigation 7 | . 2 1 . 1 2 . . . . . . 1 . . Extermination 4 | . . . . . . . . . . . . 4 . . Reinforcement 8 | . 1 1 . . 1 . . . . . . 5 . . Assault 1 | . . . . . . . . . 1 . . . . . Garrison 4 | . . . . . 1 . . . . . . 3 . . Intercept . | . . . . . . . . . . . . . . . Searches Triggered . | . . . . . . . . . . . . . . . Data Miner Redirects 1 | . . . . . . . . . . . . 1 . . Construction Impeded 3 | . . . . . . . . . . . . 3 . . Haulers Reinforced 1 | . . . . . . . . . . . . 1 . . Active Scanning Responses . | . . . . . . . . . . . . . . . Cargo Convoy Interrupts . | . . . . . . . . . . . . . . . Stealth | -11 -10 -9 -9 -8 -8 -8 -7 -7 -7 -7 -6 -6 -6 -6 --------- Run | Scr Mat Mat Min Mat Sto Gar Fac Low Low Dat Pro Fac Low Low Distress Signals 7 | . 1 1 . 2 3 . . . . . . . . . Communications Jammed . | . . . . . . . . . . . . . . . Distress Signals . | . . . . . . . . . . . . . . . Times Spotted 254 | . 30 41 2 12 26 25 1 10 27 . 8 67 4 1 Peak Tracking Total 6 | . 6 6 2 5 5 5 1 3 5 . 4 5 4 1 Tactical Retreats 20 | . 1 2 . 1 . 6 . . 2 . 1 6 . 1 Traps | -11 -10 -9 -9 -8 -8 -8 -7 -7 -7 -7 -6 -6 -6 -6 ------- Run | Scr Mat Mat Min Mat Sto Gar Fac Low Low Dat Pro Fac Low Low Traps Triggered 16 | . 2 . . . 4 9 . . . . . 1 . . Indirectly . | . . . . . . . . . . . . . . . Trap Hack Attempts . | . . . . . . . . . . . . . . . Triggered . | . . . . . . . . . . . . . . . Disarmed 1 | . 1 . . . . . . . . . . . . . Reprogrammed . | . . . . . . . . . . . . . . . Reused . | . . . . . . . . . . . . . . . Traps Extracted . | . . . . . . . . . . . . . . . Installed . | . . . . . . . . . . . . . . . Triggered 5 | . . . . . . . . 1 2 . . . 2 . Machines | -11 -10 -9 -9 -8 -8 -8 -7 -7 -7 -7 -6 -6 -6 -6 ---------- Run | Scr Mat Mat Min Mat Sto Gar Fac Low Low Dat Pro Fac Low Low Machines Disabled 9 | . . . . . 3 4 . . . . . 2 . . Max in Single Turn 1 | . . . . . 1 1 . . . . . 1 . . Garrison Access 1 | . . . . . . . 1 . . . . . . . Garrison Relay 4 | . . . . . . 4 . . . . . . . . Machines Sabotaged . | . . . . . . . . . . . . . . . Overloaded Fab Kills . | . . . . . . . . . . . . . . . Hacking | -11 -10 -9 -9 -8 -8 -8 -7 -7 -7 -7 -6 -6 -6 -6 --------- Run | Scr Mat Mat Min Mat Sto Gar Fac Low Low Dat Pro Fac Low Low Machines Accessed 44 | . 7 6 . 1 11 2 4 . . 3 1 9 . . Terminals 27 | . 6 3 . . 8 2 2 . . . 1 5 . . Fabricators 1 | . . . . . . . . . . . . 1 . . Repair Stations 7 | . 1 1 . 1 2 . 1 . . . . 1 . . Recycling Units 3 | . . 1 . . . . . . . . . 2 . . Scanalyzers 1 | . . 1 . . . . . . . . . . . . Garrison Access 2 | . . . . . 1 . 1 . . . . . . . Total Hacks 137 | . 31 19 . 3 33 5 8 . . 22 1 15 . . Successful 78 | . 16 6 . 1 22 . 4 . . 22 1 6 . . Failed 58 | . 14 13 . 2 11 5 4 . . . . 9 . . Catastrophic 13 | . 3 2 . . 3 1 2 . . . . 2 . . Database Lockouts 1 | . 1 . . . . . . . . . . . . . Manual 37 | . 14 10 . . 9 . 1 . . . . 3 . . Terminals 82 | . 28 13 . . 23 5 4 . . . 1 8 . . Fabricators 2 | . . . . . . . . . . . . 2 . . Repair Stations 20 | . 3 2 . 3 9 . 2 . . . . 1 . . Recycling Units 6 | . . 2 . . . . . . . . . 4 . . Scanalyzers 2 | . . 2 . . . . . . . . . . . . Garrison Access 3 | . . . . . 1 . 2 . . . . . . . Terminal Hacks 55 | . 14 2 . . 10 . 2 . . 22 1 4 . . Record 7 | . . . . . . . . . . 6 1 . . . Part Schematic 10 | . . . . . 1 . . . . 9 . . . . Robot Schematic 5 | . 1 . . . . . . . . 4 . . . . Robot Analysis 5 | . 4 . . . 1 . . . . . . . . . Prototype ID Bank 4 | . . . . . 1 . . . . 3 . . . . Open Door 1 | . . . . . 1 . . . . . . . . . Branch Access Points 2 | . . . . . . . 1 . . . . 1 . . Repair Station Index 1 | . 1 . . . . . . . . . . . . . Alert Level 4 | . 2 . . . 1 . . . . . . 1 . . Unreport Threat 6 | . 2 1 . . 3 . . . . . . . . . Locate Traps 1 | . 1 . . . . . . . . . . . . . Disarm Traps 1 | . 1 . . . . . . . . . . . . . Hauler Manifests 2 | . . . . . 1 . . . . . . 1 . . Zone Layout 6 | . 2 1 . . 1 . 1 . . . . 1 . . Fabricator Hacks . | . . . . . . . . . . . . . . . Repair Station Hacks 15 | . 2 2 . 1 8 . 1 . . . . 1 . . Scan Component 8 | . 1 1 . 1 4 . 1 . . . . . . . Repair 6 | . 1 1 . . 4 . . . . . . . . . Refit 1 | . . . . . . . . . . . . 1 . . Recycling Unit Hacks 1 | . . . . . . . . . . . . 1 . . Retrieve Components 1 | . . . . . . . . . . . . 1 . . Scanalyzer 2 | . . 2 . . . . . . . . . . . . Insert Component 1 | . . 1 . . . . . . . . . . . . Analyze 1 | . . 1 . . . . . . . . . . . . Garrison Access Hacks 2 | . . . . . 1 . 1 . . . . . . . Unlock Access 1 | . . . . . 1 . . . . . . . . . Seal Access 1 | . . . . . . . 1 . . . . . . . Unauthorized Hacks 3 | . . . . . 3 . . . . . . . . . Terminals 3 | . . . . . 3 . . . . . . . . . Botnet 3 | . . . . . 3 . . . . . . . . . Fabricators . | . . . . . . . . . . . . . . . Repair Stations . | . . . . . . . . . . . . . . . Recycling Units . | . . . . . . . . . . . . . . . Scanalyzers . | . . . . . . . . . . . . . . . Garrison Access . | . . . . . . . . . . . . . . . Data Cores Recovered 1 | . . . . . . . . . . . . 1 . . Used . | . . . . . . . . . . . . . . . Hacking Detections 33 | . 7 4 . 1 9 2 3 . . . . 7 . . Full Trace Events 8 | . 2 2 . 1 . 2 . . . . . 1 . . Feedback Events . | . . . . . . . . . . . . . . . Feedback Blocked . | . . . . . . . . . . . . . . . Robot Schematics Acquired 5 | . 1 . . . . . . . . 4 . . . . Robots Built . | . . . . . . . . . . . . . . . Authchips . | . . . . . . . . . . . . . . . Time . | . . . . . . . . . . . . . . . Total Robot Build Rating . | . . . . . . . . . . . . . . . Part Schematics Acquired 11 | . . 1 . . 1 . . . . 9 . . . . Parts Built . | . . . . . . . . . . . . . . . Authchips . | . . . . . . . . . . . . . . . Time . | . . . . . . . . . . . . . . . Total Part Build Rating . | . . . . . . . . . . . . . . . Parts Repaired 6 | . 1 1 . . 4 . . . . . . . . . Time 243 | . 26 26 . . 191 . . . . . . . . . Parts Recycled . | . . . . . . . . . . . . . . . Recycled Matter . | . . . . . . . . . . . . . . . Retrieved Matter . | . . . . . . . . . . . . . . . Retrieved Components . | . . . . . . . . . . . . . . . Parts Scanalyzed 1 | . . 1 . . . . . . . . . . . . Part Schematics Acquired 1 | . . 1 . . . . . . . . . . . . Parts Damaged . | . . . . . . . . . . . . . . . Bothacking | -11 -10 -9 -9 -8 -8 -8 -7 -7 -7 -7 -6 -6 -6 -6 ------------ Run | Scr Mat Mat Min Mat Sto Gar Fac Low Low Dat Pro Fac Low Low Used RIF Installer . | . . . . . . . . . . . . . . . Robots Hacked . | . . . . . . . . . . . . . . . Non-combat . | . . . . . . . . . . . . . . . Combat . | . . . . . . . . . . . . . . . Robot Hacks Applied . | . . . . . . . . . . . . . . . Relay Couplers Released 18 | . . . . . . 18 . . . . . . . . Machine Destruction 18 | . . . . . . 18 . . . . . . . . Fabnet Peak Effective % . | . . . . . . . . . . . . . . . Robots Rewired 2 | . . . . . . . 1 . 1 . . . . . Allies Hacked . | . . . . . . . . . . . . . . . Hacks Repelled . | . . . . . . . . . . . . . . . Allies | -11 -10 -9 -9 -8 -8 -8 -7 -7 -7 -7 -6 -6 -6 -6 -------- Run | Scr Mat Mat Min Mat Sto Gar Fac Low Low Dat Pro Fac Low Low Total Allies 4 | . . . . . 1 . 1 . 1 . 1 . . . Largest Group 1 | . . . . . 1 . 1 1 1 . 1 . . . Highest-Rated Group 100 | . . . . . 100 . 32 24 30 . 96 . . . Highest-Rated Ally 100 | . . . . . 100 . 32 24 30 . 96 . . . Warlord Squad Rendezvous 3 | . . . . . . . . . . . . 3 . . Dakka 1 | . . . . . . . . . . . . 1 . . Muscle 1 | . . . . . . . . . . . . 1 . . Ranger 1 | . . . . . . . . . . . . 1 . . Total Orders 1 | . . . . . . . . . . . . 1 . . EXPLORE 1 | . . . . . . . . . . . . 1 . . Ally Attacks 20 | . . . . . . . 7 3 1 . 9 . . . Total Damage 606 | . . . . . . . 120 46 29 . 411 . . . Kills 2 | . . . . . . . 2 . . . . . . . Allies Corrupted . | . . . . . . . . . . . . . . . Allies Melted 1 | . . . . . . . . . . . 1 . . . Intel | -11 -10 -9 -9 -8 -8 -8 -7 -7 -7 -7 -6 -6 -6 -6 ------- Run | Scr Mat Mat Min Mat Sto Gar Fac Low Low Dat Pro Fac Low Low Robot Analysis Total 5 | . 4 . . . 1 . . . . . . . . . Derelict Logs Recovered 5 | . . . 1 . . . . 2 . . 2 . . . Drone Launches 1 | . . . . . . . . . . . . 1 . . Drone Recoveries . | . . . . . . . . . . . . . . . Exploration | -11 -10 -9 -9 -8 -8 -8 -7 -7 -7 -7 -6 -6 -6 -6 ------------- Run | Scr Mat Mat Min Mat Sto Gar Fac Low Low Dat Pro Fac Low Low Turns Passed 14532 | 118 1842 1489 98 642 1699 2289 491 520 998 124 914 2485 396 427 Spaces Moved 6252 | 47 805 608 50 261 589 703 277 297 468 80 557 1068 235 207 Core 237 | 9 . . . . . . . . . . . . 21 207 Treads 297 | 38 259 . . . . . . . . . . . . . Legs . | . . . . . . . . . . . . . . . Wheels 5718 | . 546 608 50 261 589 703 277 297 468 80 557 1068 214 . Hover . | . . . . . . . . . . . . . . . Flight . | . . . . . . . . . . . . . . . Fastest Speed 50 | 50 115 160 200 175 175 170 150 155 155 155 155 150 50 50 Average Speed 164 | 145 185 171 200 183 176 177 153 155 155 155 155 165 141 61 Slowest Speed 235 | 160 235 200 200 200 180 180 155 155 155 155 155 205 160 100 Overloaded Moves . | . . . . . . . . . . . . . . . Propulsion Burnouts . | . . . . . . . . . . . . . . . Robots Hopped . | . . . . . . . . . . . . . . . Cave-ins Triggered 4 | . . . . . . . . . . . . . . 4 Exploration Rate (%) 46 | 5 98 57 28 18 82 61 9 40 59 69 73 28 44 27 Regions Visited 14 Branch Regions 8 Pre-discovered Areas 3 | . . . . . . . . 1 . 1 1 . . . Known Exits Taken 4 | . . . . 1 1 . 1 . . . . 1 . . Unknown Exits Taken 9 | 1 1 1 1 . . . . 1 1 1 1 . 1 . Scrap Searched 12 | . . . . . . . . 2 1 . 4 . 1 4 Spaces Dug 50 | . . . . . . . . 7 16 . . 12 1 14 Terrain Destroyed 277 | . . 25 . . . 9 . 25 41 . 8 154 1 14 Melee 23 | . . . . . . . . . 3 . . 5 1 14 Projectile 4 | . . . . . . . . . . . . 4 . . AOE 250 | . . 25 . . . 9 . 25 38 . 8 145 . . Terrain Rammed . | . . . . . . . . . . . . . . . Walls Destroyed . | . . . . . . . . . . . . . . . Machines Disabled . | . . . . . . . . . . . . . . . Actions | -11 -10 -9 -9 -8 -8 -8 -7 -7 -7 -7 -6 -6 -6 -6 --------- Run | Scr Mat Mat Min Mat Sto Gar Fac Low Low Dat Pro Fac Low Low Total 9145 | 72 998 865 49 355 1004 1600 349 326 607 80 581 1500 269 490 Wait 1483 | . 60 62 . 13 216 705 1 6 17 . 4 130 11 258 Move 6234 | 46 804 607 49 260 589 700 276 296 467 79 556 1067 234 204 Hop . | . . . . . . . . . . . . . . . Pick Up 153 | 6 26 29 . 14 16 8 18 1 6 . 2 26 . 1 Fast Attach 60 | 7 2 5 . 3 10 . 3 . 8 . . 15 1 6 Attach 68 | . 4 6 . 7 10 1 3 . 7 . 1 23 6 . Detach 20 | . . 3 . 2 3 . 2 . 2 . . 7 1 . Swap 105 | . 4 16 . 6 12 9 2 4 10 1 1 39 1 . Drop 125 | . 5 26 . 15 17 11 24 1 5 . 2 13 1 5 Fire 730 | 13 89 111 . 31 109 110 7 18 67 . 15 147 13 . Melee 64 | . . . . 4 6 . . . 7 . . 32 1 14 Ram 1 | . . . . . . . . . . . . 1 . . Kick . | . . . . . . . . . . . . . . . Crush 4 | . 4 . . . . . . . . . . . . . Escape Stasis 74 | . . . . . 16 56 . . . . . . . 2 Rewire 24 | . . . . . . . 13 . 11 . . . . . Trap . | . . . . . . . . . . . . . . . Miscellaneous . | . . . . . . . . . . . . . . . Route ------- -11/Scrapyard -10/Materials (discovered 5 exits: *Mat x3 / [*Min x2]) -9/Materials (discovered 2 exits: *Mat / [*Min]) -9/Mines -8/Materials -8/Storage (discovered 2 exits: *Fac / Gar) -8/Garrison (discovered 3 exits: *Fac x3) -7/Factory (discovered 2 exits: *Low x2) -7/Lower Caves -7/Lower Caves (discovered 2 exits: *Fac / *Dat) -7/Data Miner -6/Proximity Caves -6/Factory (discovered 5 exits: [*Fac] / *Low x2 / Ext x2) -6/Lower Caves -6/Lower Caves History --------- Turn | Location | Event 15 | -11/Scrapyard | Discovered new exit (range 15) 119 | -11/Scrapyard | Entered Materials 310 | -10/Materials | Build established: Mutant 354 | -10/Materials | Discovered new exit (range 7) 471 | -10/Materials | Discovered new exit (range 7) 817 | -10/Materials | Lost 3 parts (1p2w) 850 | -10/Materials | Central database locked down 870 | -10/Materials | Discovered new exit (range 9) 1017 | -10/Materials | Build established: Hauler-Mutant 1474 | -10/Materials | Discovered new exit (range 16) 1722 | -10/Materials | Repaired Lgt. Treads 1772 | -10/Materials | Discovered new exit (range 6) 1961 | -10/Materials | Entered another Materials area 1961 | -9/Materials | Evolved 2 slots: Utility x2 2320 | -9/Materials | Repaired Assault Rifle 2396 | -9/Materials | Discovered new exit (range 7) 2923 | -9/Materials | Discovered new exit (range 14) 3216 | -9/Materials | Destroyed 7 combat bots 3450 | -9/Materials | Entered Mines 3458 | -9/Mines | Learned Materials trap positions 3536 | -9/Mines | Discovered new exit (range 7) 3548 | -9/Mines | Entered Materials 3548 | -8/Materials | Evolved 2 slots: Utility x1, Weapon x1 3549 | -8/Materials | Loaded intel: 22 trap records 3784 | -8/Materials | Discovered new exit (range 13) 3859 | -8/Materials | Build established: Hauler-Tank 3860 | -8/Materials | Identified exit to Storage 4190 | -8/Materials | Entered Storage 4400 | -8/Storage | Repaired Hvy. Armor Plating 4452 | -8/Storage | Repaired Imp. Assault Rifle 4505 | -8/Storage | Repaired Imp. Assault Rifle 4825 | -8/Storage | Lost 4 parts (2n2u) 4952 | -8/Storage | Repaired Imp. Assault Rifle 5304 | -8/Storage | Garrison activated, responded to threat 5333 | -8/Storage | Met 01-MTF 5392 | -8/Storage | Destroyed 01-MTF 5404 | -8/Storage | Found Prototype Device 5404 | -8/Storage | Identified 01-MTF's Autohacker 5483 | -8/Storage | Discovered new exit (range 12) 5889 | -8/Storage | Identified exit to Garrison 5889 | -8/Storage | Entered Garrison 6080 | -8/Garrison | Garrison Relay disabled 6320 | -8/Garrison | Triggered checkpoint 6342 | -8/Garrison | Garrison Relay disabled 6450 | -8/Garrison | Discovered new exit (range 13) 7109 | -8/Garrison | Attempted to access garrison exit controls, blocked by remote lockdown 7172 | -8/Garrison | Triggered checkpoint 7228 | -8/Garrison | Core integrity fell below 50% 7259 | -8/Garrison | Destroyed 8 combat bots 7342 | -8/Garrison | Triggered checkpoint 7448 | -8/Garrison | Garrison Relay disabled 7602 | -8/Garrison | Triggered checkpoint 7978 | -8/Garrison | Discovered new exit (range 11) 7996 | -8/Garrison | Attempted to access garrison exit controls, blocked by remote lockdown 8120 | -8/Garrison | Garrison Relay disabled 8153 | -8/Garrison | Discovered new exit (range 15) 8178 | -8/Garrison | Entered Factory 8178 | -7/Factory | Evolved 2 slots: Power x1, Propulsion x1 8434 | -7/Factory | Discovered new exit (range 16) 8537 | -7/Factory | Identified exit to Lower Caves 8669 | -7/Factory | Entered Lower Caves 8669 | -7/Lower Caves | Accompanied by 1 ally 8731 | -7/Lower Caves | Met a Warlord Commander 8732 | -7/Lower Caves | Learned location of Warlord (-4) 8737 | -7/Lower Caves | Found Encrypted Comm Array 9074 | -7/Lower Caves | Build established: Hauler-Gunner 9099 | -7/Lower Caves | Learned Factory garrison access intel 9174 | -7/Lower Caves | Discovered new exit (range 8) 9189 | -7/Lower Caves | Entered another Lower Caves area 9211 | -7/Lower Caves | Discovered new exit (range 11) 9261 | -7/Lower Caves | Attracted the attention of an 0b10 checkpoint 9479 | -7/Lower Caves | Attracted the attention of an 0b10 outpost 9548 | -7/Lower Caves | Lost 3 parts (1p1n1u) 9774 | -7/Lower Caves | Spotted B-75 Beast 9840 | -7/Lower Caves | Discovered new exit (range 16) 10095 | -7/Lower Caves | Found Imp. Powered Armor 10187 | -7/Lower Caves | Entered Data Miner 10187 | -7/Data Miner | Discovered new exit (range 6) 10217 | -7/Data Miner | Met Data Miner 10248 | -7/Data Miner | Learned location of Section 7 (-2) 10248 | -7/Data Miner | Acquired the access code to Warlord's prototype stash 10273 | -7/Data Miner | Received God Mode back door access code from Data Miner 10281 | -7/Data Miner | Build established: Hauler-Tank 10311 | -7/Data Miner | Entered Proximity Caves 10442 | -6/Proximity Caves | Learned location of 1 exit from Factory 10556 | -6/Proximity Caves | Escorted by Enhanced Grunt 10668 | -6/Proximity Caves | Spotted B-75 Beast 10867 | -6/Proximity Caves | Discovered new exit (range 9) 11225 | -6/Proximity Caves | Entered Factory 11225 | -6/Factory | Evolved 2 slots: Utility x2 11226 | -6/Factory | Identified exit to Extension 11227 | -6/Factory | Loaded intel: 4 garrison access locations 11889 | -6/Factory | Joined by Warlord Muscle squad 12126 | -6/Factory | Incoming investigation squad redirected 12274 | -6/Factory | Identified exit to Lower Caves 12368 | -6/Factory | Garrison activated, responded to threat 12398 | -6/Factory | Discovered new exit (range 17) 12398 | -6/Factory | Lost 3 parts (1u2w) 12611 | -6/Factory | Lost 8 parts (2p1n3u2w) 12675 | -6/Factory | Lost 3 parts (1p1n1u) 12860 | -6/Factory | Build established: Hauler-Mutant 12987 | -6/Factory | Spotted B-75 Beast 13031 | -6/Factory | Core integrity fell below 50% 13148 | -6/Factory | Lost 4 parts (1p2u1w) 13351 | -6/Factory | Joined by Warlord Dakka squad 13522 | -6/Factory | Joined by Warlord Ranger squad 13656 | -6/Factory | Build established: Hauler-Tank 13710 | -6/Factory | Entered Lower Caves 13732 | -6/Lower Caves | Encountered a Warlord checkpoint 14083 | -6/Lower Caves | Lost 4 parts (1n3u) 14096 | -6/Lower Caves | Released all parts (10) 14099 | -6/Lower Caves | Discovered new exit (range 14) 14106 | -6/Lower Caves | Entered another Lower Caves area 14126 | -6/Lower Caves | Lost 3 parts (2n1u) 14152 | -6/Lower Caves | Core integrity fell below 20% 14186 | -6/Lower Caves | Encountered a Warlord checkpoint 14380 | -6/Lower Caves | Build established: Mutant 14499 | -6/Lower Caves | Crushed by falling debris 14519 | -6/Lower Caves | Crushed by falling debris 14530 | -6/Lower Caves | Crushed by falling debris 14533 | -6/Lower Caves | Crushed by falling debris 14533 | -6/Lower Caves | Smashed by cave-in Last Messages --------------- 14439_ Imp. System Restoration Module purges 1% system corruption (4%). 14446_ System corrupted: Component data lost. 14453_ Imp. System Restoration Module purges 1% system corruption (3%). 14464_ System corrupted: Matter fused (-7). 14475_ Imp. System Restoration Module purges 1% system corruption (2%). 14475_ Imp. System Restoration Module expended. 14475_ Acquired Hvy. Plasma Cannon. 14499_ The unstable cave ceiling collapses. 14499_ Crushed by falling debris. 14507_ DKLQ47MWFMPZJ UKSDUR&IAB>WK,GF 14530_ Crushed by falling debris. 14533_ The unstable cave ceiling collapses. 14533_ Crushed by falling debris. Map ----- +----------------------------------------------------+ | ?????????????????????????????????????????????????? | | ???????????????????????????????????????#########?? | | ???????????????????????????????????????# ! ### | | ???????????????????????????????????????# ! | | ???????????????????????????????????????# !#/ | | ????????????????????????????????????#### # | | ???????????????????????????????????## # # ! | | ???????????????????????????????????# # | | ???????????????????????????????????# # | | ????????????????????????????????????# | | ????????????????????????????????????### ####### | | ??????????????????????????????????????## #????# | | ???????????????????????????????????????## ##?## | | ????????????????????????????????????????# ### | | ??????????????????????????????????????### ## | | ??????????????????????????????????????# | | ?????????????????????????????????????# ### ## | | ?????????????????????????????????????# #??## #? | | ?????????????????????????????????????# #????# ## | | ?????????????????????????????????????##????## # | | ???????????????????????????????????????????# # | | ???????????????????????????????????????????# ## | | ???????????????????????????????????????????#### #? | | ??????????????????????????????????????????????# #? | | ???????????????????????####???????????????????# ## | | ??????????????????????## @##???????????????#### | | ?????????????????????##### ##??????????????# | | ?????????????????????#########?????????????# "" | | ?????????????????????###??## ##????????????# """" | | ???????????????????????????## ####???????### "" | | ????????????????????????????## # ##?????## # | | ?????????????????????????????#### ##??### # " " | | ????????????????????????????????## #### " | | ?????????????????????????????????##"## ## "" | | ??????????????????????????????????## ##### | | ???????????????????????????????????# #?## | | ???????????????????????????????????## #?## | | ????????????????????????????????????## #?# | | ?????????????????????????????????????# ## | | ?????????????????????????????????????## | | ??????????????????????????????????????# | | ??????????????????????????????????????## | | ???????????????????????????????????????# ### | | ???????????????????????????????????????# ??#### | | ???????????????????????????????????????# #????## | | ???????????????????????????????????????? ?????? | | ???????????????????????????????????????? ????? | | ???????????????????????????????????????? ????? | | ???????????????????????????????????????? ????? | | ????????????????????????????????????????? ??????? | +----------------------------------------------------+ Best States ------------- Heat Dissipation 51 Energy Generation 33 Energy Capacity 670 Matter Stores 300 Matter Capacity 300 Sight Range 18 Terrain Scan Range 24 Terrain Scan Density 210 Armor Coverage 675 Resistance: KI 20 Resistance: TH 10 Resistance: EM 20 Weapon Shielding 90 Evasion (%) 50 Targeting Accuracy 8 Recoil Reduction 2 Offensive Hacking 11 Item Schematics ----------------- Cargo Storage Unit | -9/Materials | Scanalyzed Energy Well | -8/Storage | Hacked Combat Drone Bay | -7/Data Miner | Free Lgt. Regenerative Plating | -7/Data Miner | Free Cld. Cesium-ion Thruster | -7/Data Miner | Free Gravity Neutralizer | -7/Data Miner | Free Antimatter Cannon | -7/Data Miner | Free Field Propulsion Drive | -7/Data Miner | Free Adv. Reaction Control System | -7/Data Miner | Free Recoil Nullifier | -7/Data Miner | Free Imp. Plasma Cutter | -7/Data Miner | Free Robot Schematics ------------------ O-16 Technician | -10/Materials | Hacked H-55 Commando | -7/Data Miner | Free S-27 Virus | -7/Data Miner | Free O-24 Administrator | -7/Data Miner | Free Y-54 Guardian | -7/Data Miner | Free Fabricated ------------ Nothing Alien Tech Used ----------------- None Achievements -------------- None Challenges ------------ None Game ------ Seed VortexAntigravNukerbomber Manual? 0 Play Time 01:55:30 Cumulative 587.3 hours Start 2023.01.11 @ 16:17:05 End 2023.01.11 @ 18:33:17 Sessions 1 Manual Loads 0 Difficulty Rogue Special Mode None Game No. 545 Rogue 330 Adventurer 112 Explorer 103 Win Type - Total 40 Types 26/0/8/2/0/0/3/1/0 Lore% 88 Gallery% 93 Achievement% 81 Wizard Run 0 Options --------- ASCII 0 Keyboard 1 Movement Vi Keybinds 1 Fullscreen 2 Font 36/TerminusBold Map View 76x50 Tactical HUD 1 Map Filters NONE Filters NONE Steam 1 RUN: 668bfd74-6521-40f2-adfb-979416fbc938